Map: Central Protocol

Players

Izzix - Winner!

  • Race: Protoss Protoss
  • League: Silver

A.I. 1 (Harder)

  • Race: Terran Terran

VOD

Have the link to the VOD?

Description

Time

  • Played on: Nov. 13, 2015, 5:25 p.m.
  • Length: 13:18
Show
View Real Time Build Order
Export as new Build Order

Izzix Protoss - Winner!

Build Orders:  

Get SALT Encoding   

  12  0:01  Probe (Chrono Boost)  
  13  0:15  Pylon  
  13  0:18  Probe (Chrono Boost)  
  14  0:29  Probe (Chrono Boost)  
  15  0:35  Gateway  
  15  0:43  Probe (Chrono Boost)  
  16  0:54  Probe (Chrono Boost)  
  17  1:01  Gateway  
  17  1:04  Probe (Chrono Boost)  
  18  1:34  Pylon  
  18  1:36  Zealot  
  20  1:49  Gateway  
  20  1:57  Nexus  
  20  2:00  Probe (Chrono Boost)  
  21  2:03  Zealot  
  22  2:14  Zealot  
  24  2:21  Probe (Chrono Boost)  
  25  2:30  Zealot  
  25  2:32  Probe (Chrono Boost)  
  28  2:41  Pylon, Zealot  
  30  2:55  Probe (Chrono Boost)  
  31  2:59  Zealot x2  
  35  3:06  Probe (Chrono Boost)  
  38  3:16  Pylon  
  40  3:20  Probe x2 (Chrono Boost)  
  40  3:27  Zealot x2  
  42  3:30  Probe x2 (Chrono Boost)  
  42  3:31  Zealot  
  46  3:54  Zealot  
  46  3:55  Pylon, Zealot  
  50  3:57  Probe (Chrono Boost)  
  50  3:58  Probe (Chrono Boost), Zealot  
  54  4:08  Probe (Chrono Boost)  
  54  4:09  Probe (Chrono Boost)  
  56  4:21  Zealot  
  56  4:22  Zealot  
  56  4:23  Gateway  
  60  4:25  Zealot  
  62  4:34  Probe (Chrono Boost)  
  62  4:36  Probe (Chrono Boost)  
  64  4:47  Gateway  
  64  4:48  Zealot  
  66  4:54  Zealot  
  66  4:55  Zealot  
  66  4:58  Gateway  
  66  4:59  Gateway  
  70  5:09  Pylon  
  70  5:27  Probe x2 (Chrono Boost), Zealot (Chrono Boost)  
  78  5:29  Zealot x2 (Chrono Boost)  
  78  5:46  Pylon  
  78  5:51  Pylon  
  78  5:53  Pylon  
  78  6:03  Zealot (Chrono Boost)  
  80  6:05  Zealot (Chrono Boost)  
  80  6:07  Zealot x2 (Chrono Boost)  
  80  6:08  Zealot x2 (Chrono Boost)  
  80  6:09  Zealot (Chrono Boost)  
  84  6:31  Zealot (Chrono Boost)  
  84  6:32  Zealot x2 (Chrono Boost)  
  86  6:34  Zealot (Chrono Boost)  
  86  6:35  Zealot (Chrono Boost)  
  82  6:43  Zealot (Chrono Boost)  
  82  6:46  Zealot (Chrono Boost)  
  88  6:54  Pylon  
  88  6:57  Zealot x2 (Chrono Boost)  
  88  6:58  Zealot (Chrono Boost)  
  88  6:59  Zealot (Chrono Boost)  
  96  7:01  Zealot (Chrono Boost)  
  98  7:09  Zealot (Chrono Boost)  
  98  7:13  Zealot (Chrono Boost)  
  96  7:21  Zealot (Chrono Boost)  
  100  7:23  Zealot (Chrono Boost)  
  100  7:24  Zealot (Chrono Boost)  
  100  7:25  Zealot (Chrono Boost)  
  100  7:29  Zealot (Chrono Boost)  
  72  7:32  Nexus  
  72  7:36  Zealot (Chrono Boost)  
  76  7:41  Zealot (Chrono Boost)  
  76  7:45  Zealot (Chrono Boost)  
  76  7:46  Zealot (Chrono Boost)  
  84  7:51  Zealot (Chrono Boost)  
  84  7:52  Zealot (Chrono Boost)  
  84  7:56  Zealot (Chrono Boost)  
  84  7:58  Probe x2  
  88  8:04  Zealot (Chrono Boost)  
  92  8:08  Zealot x2 (Chrono Boost)  
  92  8:09  Gateway  
  92  8:10  Probe x2, Zealot (Chrono Boost)  
  92  8:11  Gateway  
  98  8:18  Zealot (Chrono Boost)  
  98  8:19  Zealot (Chrono Boost)  
  104  8:23  Zealot (Chrono Boost)  
  104  8:24  Pylon  
  106  8:31  Zealot (Chrono Boost)  
  106  8:32  Zealot (Chrono Boost)  
  110  8:35  Zealot (Chrono Boost)  
  110  8:42  Zealot (Chrono Boost)  
  110  8:43  Pylon  
  110  8:46  Zealot (Chrono Boost)  
  122  8:56  Zealot (Chrono Boost)  
  122  8:57  Probe, Zealot x2 (Chrono Boost)  
  122  8:58  Probe x2, Zealot (Chrono Boost)  
  122  9:02  Zealot (Chrono Boost)  
  127  9:09  Zealot (Chrono Boost)  
  131  9:10  Probe  
  131  9:12  Zealot (Chrono Boost)  
  131  9:13  Zealot (Chrono Boost)  
  140  9:31  Zealot (Chrono Boost)  
  140  9:34  Zealot x3 (Chrono Boost)  
  140  9:50  Zealot (Chrono Boost)  
  140  10:00  Zealot x2 (Chrono Boost)  
  140  10:03  Zealot (Chrono Boost)  
  140  10:06  Zealot (Chrono Boost)  
  140  10:08  Pylon x2, Zealot (Chrono Boost)  
  140  10:09  Zealot (Chrono Boost)  
  140  10:16  Zealot (Chrono Boost)  
  140  10:21  Zealot (Chrono Boost)  
  138  10:23  Zealot (Chrono Boost)  
  138  10:27  Zealot (Chrono Boost)  
  138  10:28  Zealot x2 (Chrono Boost)  
  140  10:33  Zealot (Chrono Boost)  
  140  10:35  Zealot (Chrono Boost)  
  136  10:36  Zealot (Chrono Boost)  
  136  10:40  Pylon, Zealot (Chrono Boost)  
  130  10:48  Zealot (Chrono Boost)  
  132  10:50  Zealot x2 (Chrono Boost)  
  132  10:55  Zealot x2 (Chrono Boost)  
  134  11:00  Zealot (Chrono Boost)  
  134  11:02  Zealot (Chrono Boost)  
  134  11:03  Zealot x2 (Chrono Boost)  
  132  11:14  Zealot (Chrono Boost)  
  132  11:15  Zealot (Chrono Boost)  
  132  11:17  Zealot (Chrono Boost)  
  136  11:22  Zealot x2 (Chrono Boost)  
  134  11:27  Zealot x2 (Chrono Boost)  
  134  11:29  Zealot (Chrono Boost)  
  134  11:30  Zealot (Chrono Boost)  
  134  11:37  Zealot (Chrono Boost)  
  134  11:42  Zealot (Chrono Boost)  
  134  11:44  Zealot (Chrono Boost)  
  138  11:49  Zealot x2 (Chrono Boost)  
  138  11:50  Zealot (Chrono Boost)  
  140  11:54  Nexus, Zealot (Chrono Boost)  
  140  11:56  Zealot (Chrono Boost)  
  140  11:57  Zealot (Chrono Boost)  
  140  12:00  Probe  
  140  12:01  Probe x2, Zealot (Chrono Boost)  
  141  12:09  Zealot (Chrono Boost)  
  141  12:11  Zealot (Chrono Boost)  
  141  12:14  Zealot (Chrono Boost)  
  141  12:16  Zealot x2 (Chrono Boost)  
  141  12:21  Zealot (Chrono Boost)  
  143  12:23  Zealot (Chrono Boost)  
  143  12:24  Zealot x2 (Chrono Boost)  
  139  12:36  Zealot (Chrono Boost)  
  141  12:37  Zealot (Chrono Boost)  
  141  12:39  Zealot (Chrono Boost)  
  141  12:43  Zealot x2 (Chrono Boost)  
  145  12:48  Zealot x2 (Chrono Boost)  
  145  12:50  Zealot (Chrono Boost)  
  153  12:51  Zealot (Chrono Boost)  
Show
View Real Time Build Order
Export as new Build Order

A.I. 1 (Harder) Terran 

Build Orders: Bio Tank, MMM Bio 

Get SALT Encoding   

  12  0:00  SCV  
  13  0:13  SCV  
  14  0:18  Supply Depot  
  14  0:25  SCV  
  15  0:40  SCV  
  15  0:42  Barracks  
  16  0:50  Refinery  
  16  0:52  SCV  
  17  1:04  SCV  
  18  1:16  SCV  
  19  1:22  Supply Depot  
  19  1:28  Marine  
  19  1:29  SCV  
  21  1:43  Barracks, Orbital Command  
  21  1:46  Marine  
  22  1:50  Refinery  
  22  1:59  Factory  
  22  2:04  Barracks Tech Lab  
  22  2:21  Supply Depot  
  22  2:23  Marine  
  23  2:30  Marine  
  24  2:41  Marine  
  25  2:46  Hellion  
  25  2:48  Marine  
  28  2:56  Supply Depot  
  28  2:58  Marine  
  29  3:06  Marine  
  29  3:08  Hellion  
  32  3:16  Marine  
  33  3:22  SCV  
  33  3:23  Marine  
  35  3:29  Hellion  
  35  3:33  Supply Depot  
  37  3:34  SCV, Marine  
  39  3:45  Engineering Bay  
  39  3:46  SCV  
  40  3:50  Hellion  
  42  3:58  SCV  
  43  4:11  SCV  
  43  4:12  Hellion  
  46  4:23  SCV  
  47  4:46  Barracks Tech Lab  
  47  4:47  Marauder  
  47  4:50  Factory Tech Lab, Factory  
  49  4:54  Starport  
  49  4:57  Command Center, Starport  
  49  4:59  Supply Depot  
  49  5:07  Widow Mine  
  51  5:34  Supply Depot, Starport Tech Lab x2, Factory Tech Lab  
  51  5:37  Stimpack, Siege Tank  
  54  5:43  Combat Shields  
  54  5:49  Terran Infantry Weapons Level 1  
  54  5:53  Banshee  
  57  6:02  Marauder  
  59  6:09  Siege Tank  
  62  6:11  SCV  
  62  6:13  SCV  
  64  6:22  Widow Mine  
  64  6:24  SCV  
  67  6:26  SCV  
  68  6:35  Viking  
  68  6:36  SCV  
  68  6:38  SCV  
  68  6:46  Banshee  
  71  6:48  SCV  
  71  6:50  SCV  
  73  7:00  SCV  
  74  7:02  SCV, Refinery  
  75  7:10  Missile Turret  
  75  7:12  SCV  
  75  7:15  SCV  
  77  7:18  Supply Depot  
  77  7:19  Raven  
  79  7:23  Missile Turret  
  79  7:24  SCV  
  79  7:27  SCV  
  76  7:36  SCV  
  77  7:37  Refinery  
  77  7:39  Siege Tank  
  77  7:43  Terran Infantry Armor Level 1  
  80  7:49  Viking  
  82  7:51  Bunker  
  82  7:55  Missile Turret  
  82  7:59  SCV x2  
  82  8:00  Supply Depot  
  84  8:11  SCV, Raven, Missile Turret  
  87  8:23  Sensor Tower  
  87  8:28  Barracks  
  87  8:30  Bunker  
  87  8:34  Armory  
  87  8:47  Factory  
  87  9:02  Starport  
  87  9:04  Marauder  
  87  9:06  Command Center  
  89  9:15  Barracks Reactor  
  89  9:16  Medivac  
  91  9:21  Supply Depot  
  91  9:24  Medivac  
  91  9:27  Marine  
  91  9:29  Marine  
  91  9:30  Factory Tech Lab  
  76  9:39  Starport Reactor  
  76  9:44  Marine  
  73  9:46  Medivac  
  73  9:47  Marine  
  73  9:51  Marine  
  74  9:54  Marine  
  74  9:55  Raven  
  73  10:03  Marauder  
  73  10:06  Marauder  
  65  10:07  Hellion  
  65  10:09  Marine  
  65  10:12  Marine  
  59  10:16  Viking  
  56  10:24  Marine  
  29  11:00  SCV  
  29  11:01  SCV  
  22  11:12  SCV  
  22  11:13  SCV  
  23  11:24  SCV  
  23  11:35  SCV  
  23  11:49  SCV  
  24  12:53  Command Center  
  24  12:55  Supply Depot  
Tags
 
Add a new tag
Caveats
  • Supply blocks, unpowered buildings, or Contaminate may cause inaccurate times.
  • Supply counts are checked every 10 seconds.